 Dungeon Crawl Stone Soup version 0.26-a0-708-g17f3b190f9 (webtiles) character file.

Game seed: 5995813267364093674

16401 snetch the Cleaver (level 12, -14/162 HPs)
             Began as a Minotaur Berserker on Oct 27, 2020.
             Was a High Priest of Trog.
             Demolished by Rupert
             ... wielding a +6 great mace of protection
              (16 damage)
             ... on level 12 of the Dungeon.
             The game lasted 00:50:02 (12468 turns).

snetch the Cleaver (Minotaur Berserker)            Turns: 12468, Time: 00:50:06

Health: -14/162    AC: 28    Str: 25    XL:     12   Next: 9%
Magic:  0/11       EV:  5    Int:  4    God:    Trog [*****.]
Gold:   788        SH: 11    Dex: 12    Spells: 11/11 levels left

rFire    . . .     SeeInvis .   a - +2 war axe (venom)
rCold    . . .     Faith    .   J - +0 kite shield
rNeg     . . .     Spirit   +   E - +1 crystal plate armour
rPois    .         Reflect  .   (helmet restricted)
rElec    .         Harm     .   S - +2 cloak
rCorr    +         Rampage  .   F - +0 pair of gloves
MR       .....                  H - +1 pair of boots
Stlth    ..........             p - amulet of guardian spirit
HPRegen  0.37/turn              (no ring)
MPRegen  0.12/turn              j - ring of resist corrosion

@: berserking (expiring), very quick
A: retaliatory headbutt, horns 2
a: Berserk, Trog's Hand, Brothers in Arms, Renounce Religion


You were on level 12 of the Dungeon.
You worshipped Trog.
Trog was extremely pleased with you.
You visited 2 branches of the dungeon, and saw 14 of its levels.
You also visited: Sewer.

You collected 788 gold pieces.

Inventory:

Hand Weapons
 a - a +2 war axe of venom (weapon)
 b - a +1 morningstar of protection
 c - a +3 scimitar of flaming
Missiles
 d - 450 arrows
 e - 104 sling bullets
 n - 450 stones
 u - 18 boomerangs
 w - 57 bolts
 B - 21 poisoned darts (quivered)
 Q - 8 javelins
Armour
 E - a +1 crystal plate armour (worn)
 F - a +0 pair of gloves (worn)
 H - a +1 pair of boots (worn)
 J - a +0 kite shield (worn)
 S - a +2 cloak (worn)
Jewellery
 j - a ring of resist corrosion (right hand)
 k - an uncursed ring of fire
 p - an amulet of guardian spirit (around neck)
Wands
 x - a wand of random effects (12)
 A - a wand of flame (22)
 R - a wand of disintegration (14)
Scrolls
 f - 3 scrolls of enchant armour
 h - 4 scrolls of enchant weapon
 m - 9 scrolls of teleportation
 s - a scroll of fear {unknown}
 C - 3 scrolls of remove curse
 I - 2 scrolls of noise {unknown}
 N - 3 scrolls of fog {unknown}
 T - 2 scrolls of magic mapping {unknown}
 V - a scroll of blinking {unknown}
Potions
 g - 8 potions of curing {unknown}
 i - 5 potions of brilliance {unknown}
 o - 4 potions of lignification {unknown}
 q - 2 potions of cancellation
 r - 6 potions of magic {unknown}
 t - 3 potions of heal wounds {unknown}
 v - a potion of invisibility
 D - 3 potions of haste {unknown}
 M - 2 potions of flight
 W - a potion of might


   Skills:
 + Level 10.9 Fighting
 + Level 13.5(14.7) Axes
 + Level 10.0(13.0) Maces & Flails
 + Level 9.7 Armour
 + Level 4.4 Dodging
 + Level 1.5 Stealth
 + Level 7.8 Shields


You had 11 spell levels left.
You didn't know any spells.
Your spell library contained the following spells:

 Spells                   Type           Power        Failure   Level
 Animate Skeleton         Necr           #.....       100%        1
 Apportation              Tloc           #.....       100%        1
 Beastly Appendage        Tmut           #.....       100%        1
 Corona                   Hex            #......      100%        1
 Sting                    Tmut/Pois      #...         100%        1
 Summon Small Mammal      Summ           #...         100%        1
 Poisonous Vapours        Pois/Air       #.....       100%        2
 Wereblood                Tmut           #.......     100%        2
 Ignite Poison            Fire/Tmut/Pois #.......     100%        3
 Mephitic Cloud           Conj/Pois/Air  #.......     100%        3
 Spider Form              Tmut/Pois      #.........   100%        3
 Ice Form                 Ice/Tmut       #.......     100%        4
 Olgreb's Toxic Radiance  Pois           #.......     100%        4
 Blade Hands              Tmut           #.........   100%        5


Dungeon Overview and Level Annotations

Branches:
Dungeon (13/15) Temple (1/1) D:5 Lair (0/6) D:8 Orc (0/2) D:11 Vaults (0/5) D:12 D:13 Sewer (visited)

Altars:
Ashenzari
Cheibriados
Dithmenos
Elyvilon
Fedhas
Gozag
Hepliaklqana
Kikubaaqudgha
Makhleb
Nemelex Xobeh
Okawaru
Qazlal
Ru
Sif Muna
Trog
Uskayaw
Vehumet
Wu Jian
Xom
Yredelemnul
Zin
The Shining One

Shops:
D:5 !   D:6 [   D:11 [

Annotations:
D:8 demon behind glass stone
D:11 2 runed translucent doors
D:12 Rupert
D:13 Azrael, Nessos


Innate Abilities, Weirdness & Mutations

You reflexively headbutt those who attack you in melee.
You have a pair of horns on your head.


Message History

Rupert hits you with a +6 great mace of protection!
* * * LOW HITPOINT WARNING * * *
You block the human's attack.
You are too berserk!
Unknown command.
Your shield and crystal plate armour prevent you from hitting Rupert.
You headbutt Rupert, but do no damage.
Rupert is almost dead.
You slash the human!
You feel yourself speed up. Rupert hits you but does no damage.
Unknown command.
Your crystal plate armour prevents you from hitting Rupert.
You headbutt Rupert.
Rupert is almost dead.
You slash the human!
You kill the human!
Trog accepts your kill.
Rupert hits you with a +6 great mace of protection!
You die...

#+# # #.# # #.# ####
#####+#######+#############...
#.........##†@@..........#....
#.........##†††...............
+........)[#.[............#...
#........)...........[...##...
#.........##.............##...
#######+#####+################


You could see Rupert (berserk, extremely poisoned).

Vanquished Creatures
  Erica (D:9)
  3 two-headed ogres
  Nergalle (D:11)
  A cyclops (D:12)
  Maurice (D:9)
  A gargoyle (D:12)
  A komodo dragon (D:12)
  A guardian mummy (D:12)
  A troll (D:11)
  Sigmund (D:6)
  16 yaks
  4 wyverns
  11 humans (D:12)
  2 basilisks (D:8)
  An acid dragon (D:11)
  3 water moccasins (D:8)
  2 black bears
  7 orc warriors
  3 ice beasts
  4 ogres
  2 phantoms
  12 centaurs
  10 bullfrogs
  2 big kobolds
  2 scorpions (D:8)
  A wyvern skeleton (D:7)
  6 killer bees (D:7)
  12 wights
  5 howler monkeys
  A centaur zombie (D:12)
  A bullfrog zombie (D:5)
  4 jellies
  6 orc priests
  7 hounds
  A quasit (D:7)
  2 centaur skeletons
  2 gnoll shamans
  8 orc wizards
  2 bullfrog skeletons
  5 iguanas
  6 worker ants
  A worker ant zombie (D:11)
  Robin (D:2)
  A howler monkey zombie (D:8)
  9 gnolls
  4 river rats
  16 adders
  5 shadow imps
  3 white imps
  2 ufetubi
  2 oozes (D:3)
  2 adder skeletons
  10 worms
  2 dart slugs
  6 leopard geckos
  41 orcs
  6 bats
  13 giant cockroaches
  16 goblins
  5 hobgoblins
  15 jackals
  A quokka (D:3)
  5 ball pythons (Sewer)
  13 frilled lizards
  16 kobolds
  18 rats
375 creatures vanquished.

Vanquished Creatures (others)
  A bush (D:8)
  4 fungi (D:8)
  26 plants
31 creatures vanquished.

Grand Total: 406 creatures vanquished

Notes
Turn   | Place    | Note
-------+----------+-------------------------------------------
     0 | D:1      | snetch the Minotaur Berserker began the quest for the Orb.
     0 | D:1      | Reached XP level 1. HP: 19/19 MP: 0/0
   168 | D:1      | Reached XP level 2. HP: 27/27 MP: 1/1
   260 | D:1      | Reached skill level 4 in Axes
   876 | D:1      | Reached ** piety under Trog
   892 | D:1      | Reached XP level 3. HP: 33/34 MP: 2/2
  1060 | D:2      | Noticed Robin
  1072 | D:2      | Killed Robin
  1601 | D:2      | Reached XP level 4. HP: 41/41 MP: 3/3
  1671 | D:2      | Reached skill level 5 in Axes
  1960 | D:4      | Noticed an ogre
  1963 | D:4      | Killed an ogre
  1963 | D:4      | Reached skill level 5 in Fighting
  1963 | D:4      | Reached XP level 5. HP: 44/48 MP: 4/4
  1968 | D:4      | Reached skill level 6 in Axes
  1969 | D:4      | Reached *** piety under Trog
  2116 | D:4      | Reached skill level 1 in Stealth
  2356 | D:4      | Reached XP level 6. HP: 49/56 MP: 5/5
  2439 | D:4      | Found a glowing drain.
  2443 | Sewer    | Entered a sewer
  2651 | Sewer    | Reached skill level 1 in Maces & Flails
  2983 | D:5      | Entered Level 5 of the Dungeon
  3101 | D:3      | Reached **** piety under Trog
  3817 | D:3      | You fall into a shaft and drop 2 floors!
  4146 | D:3      | Reached XP level 7. HP: 59/62 MP: 4/6
  5000 | D:5      | Found an opulent altar of Gozag.
  5154 | D:6      | Found Duhed's Antique Armour Shop.
  5154 | D:6      | Noticed Sigmund
  5447 | D:5      | Found a staircase to the Ecumenical Temple.
  5456 | Temple   | Entered the Ecumenical Temple
  5833 | D:5      | Found Egecrul's Distillery.
  5882 | D:5      | Found a radiant altar of Vehumet.
  6125 | D:6      | Reached skill level 5 in Maces & Flails
  6125 | D:6      | Reached XP level 8. HP: 70/70 MP: 7/7
  6302 | D:6      | Killed Sigmund
  6302 | D:6      | Reached skill level 5 in Armour
  6564 | D:7      | Found an ornate altar of the Wu Jian Council.
  6573 | D:7      | Reached skill level 1 in Shields
  6582 | D:8      | Found a bloodstained altar of Trog.
  7048 | D:7      | Reached XP level 9. HP: 77/80 MP: 8/8
  7222 | D:8      | Reached ***** piety under Trog
  7247 | D:8      | Found a burning altar of Makhleb.
  7601 | D:7      | Reached skill level 7 in Axes
  7969 | D:8      | Found a glowing golden altar of the Shining One.
  8056 | D:8      | Reached skill level 8 in Axes
  8063 | D:8      | Received a gift from Trog
  8063 | D:8      | Reached XP level 10. HP: 87/90 MP: 9/9
  8171 | D:8      | Found a staircase to the Lair.
  8291 | D:9      | Noticed Maurice
  8300 | D:9      | Killed Maurice
  8300 | D:9      | Reached skill level 9 in Axes
  8305 | D:9      | Got a transparent ring mail
  8543 | D:8      | Noticed a blizzard demon
  8872 | D:9      | Found a broken altar of Ashenzari.
  8977 | D:9      | Noticed Erica
  8989 | D:9      | Killed Erica
  8989 | D:9      | Reached skill level 10 in Axes
  9034 | D:10     | Entered Level 10 of the Dungeon
  9390 | D:9      | Identified the +0 ring mail "Dibb" {Harm rPois rF+} (You
                  | found it on level 9 of the Dungeon)
  9421 | D:9      | Reached skill level 5 in Shields
  9872 | D:10     | Noticed a two-headed ogre
  9881 | D:10     | Killed a two-headed ogre
 10144 | D:11     | Found a staircase to the Orcish Mines.
 10149 | D:11     | Found Fatuaf's Armour Shoppe.
 10158 | D:11     | Reached skill level 11 in Axes
 10158 | D:11     | Reached XP level 11. HP: 82/99 MP: 8/10
 10173 | D:11     | Reached skill level 10 in Fighting
 10582 | D:10     | Reached skill level 12 in Axes
 10675 | D:10     | Noticed a two-headed ogre
 10686 | D:10     | Killed a two-headed ogre
 11138 | D:11     | Noticed a two-headed ogre
 11144 | D:11     | Killed a two-headed ogre
 11471 | D:11     | Reached skill level 10 in Maces & Flails
 11607 | D:11     | Found a runed translucent door.
 11664 | D:11     | Noticed Nergalle
 11683 | D:11     | Killed Nergalle
 11706 | D:11     | Found a runed translucent door.
 12255 | D:12     | Reached skill level 13 in Axes
 12400 | D:13     | Found a gate to the Vaults.
 12400 | D:13     | Noticed Nessos
 12400 | D:13     | Noticed Rupert
 12400 | D:13     | Noticed an orc knight
 12400 | D:13     | Noticed a centaur warrior
 12403 | D:13     | Noticed Azrael
 12457 | D:12     | Reached XP level 12. HP: 91/108 MP: 5/11
 12466 | D:12     | HP: 1/162 [Rupert/+6 great mace of protection (15)]
 12468 | D:12     | Demolished by Rupert

Illustrated notes

Levels and vault maps discovered:
D:1:      dpeg_arrival_boxes_within_box, layout_loops_corners
D:2:      minmay_evil_eye, layout_loops_ring, minmay_pentomino_z2, uniq_robin
D:3:      layout_loops_cross
D:4:      minmay_general_purpose_star, layout_basic, gup_sewer_entry_bowl,
          roderic_three_in_a_row
D:5:      layout_cave_pools, lemuel_doored_altar, vehumet_crystals,
          minmay_temple_entry_gardened_gates, serial_shops,
          kennysheep_little_box
D:6:      layout_rooms, serial_shops, shop, uniq_sigmund
D:7:      layout_basic, overflow_temple_1_default
D:8:      layout_basic, lemuel_crystal_altar, makhleb_altar_promises_db,
          minmay_lair_entry_grove, serial_corexii_hall, corexii_hall_statues_t,
          corexii_hall_statues_l, chequers_hall_statues_y,
          corexii_hall_statues_deadend, basic_altar
D:9:      layout_gridville, kennysheep_mini, uniq_maurice, uniq_erica
D:10:     layout_loops_ring
D:11:     cheibrodos_histonic, layout_loops_corners, orc_david_3, uniq_nergalle
D:12:     layout_roguey, uniq_urug, uniq_psyche
D:13:     minmay_distorted_concentric_squares, layout_irregular_city,
          david_vaults_3, serial_undead, serial_undead_a, serial_undead_f,
          serial_undead_d, serial_undead_b, serial_undead_d, serial_undead_d,
          basic_altar, uniq_frances, uniq_azrael
Temple:   nicolae_temple_elliptical

Skill      XL: |  1  2  3  4  5  6  7  8  9 10 11 |
---------------+----------------------------------+-----
Fighting       | 4 5 6 7 8 9 10 | 10.9
Axes           | 4 5 6 8 11 13 | 13.5
Dodging        | 3 4 |  4.4
Stealth        | 1 |  1.5
Maces & Flails | 2 5 7 9 10 | 10.0
Armour         | 4 6 7 8 9 |  9.7
Shields        | 1 3 5 7 |  7.8

Action                   |  1- 3 |  4- 6 |  7- 9 | 10-12 || total
-------------------------+-------+-------+-------+-------++-------
Melee: Hand axe          |    70 |    46 |       |       ||   116
       Headbutt          |     8 |    25 |    81 |    81 ||   195
       Morningstar       |       |   121 |   181 |    22 ||   324
       Whip              |       |       |   115 |       ||   115
       War axe           |       |       |    70 |   362 ||   432
Invok: Berserk           |     1 |       |     1 |     1 ||     3
       Trog's Hand       |       |     1 |     2 |     1 ||     4
  Use: Scroll            |       |       |     8 |     5 ||    13
 Stab: Sleeping          |       |     2 |       |       ||     2
Armor: Animal skin       |    14 |    29 |       |       ||    43
       Chain mail        |       |    20 |       |       ||    20
       Pearl dragon scal |       |     5 |    19 |       ||    24
       Crystal plate arm |       |       |   272 |   161 ||   433
       Plate armour      |       |       |       |    66 ||    66
Dodge: Dodged            |    47 |   108 |   102 |    68 ||   325
Block: Buckler           |       |     5 |    54 |       ||    59
       Kite shield       |       |       |     9 |   212 ||   221

Table legend: (Time is in decaauts)
 A = Elapsed time spent in this place.
 B = Non-inter-level travel time spent in this place.
 C = Inter-level travel time spent in this place.
 D = Time resting spent in this place.
 E = Time spent auto-exploring this place.
 F = Levels seen in this place.
 G = Mean time per level.
                   A        B        C        D        E       F      G
               +--------+--------+--------+--------+--------+-----+--------+
         Total |  12623 |  11991 |    632 |     74 |   7750 |  15 |  841.5 |
       Dungeon |  11890 |  11284 |    606 |     74 |   7393 |  13 |  914.6 |
        Temple |    141 |    115 |     26 |      0 |    114 |   1 |  141.0 |
         Sewer |    591 |    591 |      0 |      0 |    243 |   1 |  591.0 |
               +--------+--------+--------+--------+--------+-----+--------+

Top non-repeatable levels by time:
     D:2: 1493 daAuts
     D:8: 1288 daAuts
    D:11: 1256 daAuts
    D:10: 1230 daAuts
     D:4: 1169 daAuts
     D:1: 1058 daAuts
     D:7: 1057 daAuts
     D:9: 859 daAuts
     D:5: 820 daAuts
     D:3: 795 daAuts
     D:6: 593 daAuts
   Sewer: 591 daAuts
    D:12: 261 daAuts
  Temple: 141 daAuts
    D:13: 6 daAuts
